 Dungeon Sprint DCSS version 0.30.1-4-g462c640d31 (webtiles) character file.

Game seed: 11177976875808037507

18638 Heoruswealwe the Talismancer (level 12, 0/78 HPs)
             Began as a Spriggan Artificer on Aug 28, 2023.
             Was a High Priest of Sif Muna.
             Succumbed to a golden dragon's blast of poison
             ... in the Dungeon (Sprint I: "Red Sonja").
             The game lasted 00:59:11 (3006 turns).

Heoruswealwe the Talismancer (Spriggan Artificer)   Turns: 3006, Time: 00:59:11

Health: 0/78       AC: 26    Str:  8    XL:     12   Next: 29%
Magic:  23/23      EV:  4    Int: 22    God:    Sif Muna [*****.]
Gold:   629        SH:  0    Dex: 16    Spells: 24/24 levels left

rFire   + . .        b - +6 sling of Eternal Vigilance {flame, rC+ Int+5}
rCold   + + .        (no shield)
rNeg    . . .        c - melded +0 shadow dragon scales
rPois   +            g - melded +1 hat
rElec   +            h - melded scarf {repulsion}
rCorr   +            (gloves unavailable)
SInv    +            (boots unavailable)
Will    ++...        (no amulet)
Stlth   +++++++++    (no ring)
HPRegen 0.33/turn    (no ring)
MPRegen 0.18/turn

%: no teleportation
@: lethally poisoned (0 -> -5), tree-form, resistant, hasted, very quick
A: stationary, stasis, torment immunity, boosted hp, very small, no large
weapons, unfitting armour, see invisible, (speed 3)
a: Renounce Religion, Channel Magic, Forget Spell, Divine Exegesis


You were in the Dungeon.
You worshipped Sif Muna.
Sif Muna was extremely pleased with you.
You were a tree.
You visited 1 branch You collected 3965 gold pieces.
You spent 3304 gold pieces at shops.
You donated 32 gold pieces to Zin.

Inventory:

Hand Weapons
 a - a +3 spectral rapier
 b - the +6 sling of Eternal Vigilance (weapon) {flame, rC+ Int+5}
   (You bought it in a shop in the Dungeon)

   Int:       It affects your intelligence (+5).
   rC:        It protects you from cold.
Armour
 c - +0 shadow dragon scales (melded)
 f - a +2 robe of fire resistance
 g - a +1 hat (melded)
 h - a scarf of repulsion (melded)
Wands
 d - a wand of charming (2)
 s - a wand of polymorph (1)
Scrolls
 k - a scroll of blinking
 r - a scroll of fear
Potions
 i - 4 potions of magic
 j - a potion of berserk rage
 l - a potion of resistance
 n - 2 potions of flight
 o - 3 potions of brilliance
 q - 4 potions of mutation
Miscellaneous
 m - a tin of tremorstones (1/2)
 u - a box of beasts (inert)


   Skills:
 - Level 0.7 Fighting
 + Level 20.8 Dodging
 + Level 24.0 Stealth
 * Level 6.8 Spellcasting
 O Level 27 Evocations


You had 24 spell levels left.
You didn't know any spells.
Your spell library contained the following spells:

 Spells                   Type           Power      Damage    Failure   Level
 Momentum Strike          Conj/Tloc      14%        3d8       13%         2
 Sublimation of Blood     Necr           7%         N/A       13%         2
 Portal Projectile        Hex/Tloc       14%        N/A       26%         3
 Manifold Assault         Tloc           7%         N/A       63%         4
 Petrify                  Tmut/Erth      7%         N/A       63%         4
 Irradiate                Conj/Tmut      3%         3d12      93%         5
 Disjunction              Tloc           3%         N/A       100%        8


Dungeon Overview and Level Annotations

Branches:
Dungeon (1/1)

Altars:
Cheibriados
Dithmenos
Elyvilon
Fedhas
Gozag
Hepliaklqana
Kikubaaqudgha
Makhleb
Nemelex Xobeh
Okawaru
Qazlal
Ru
Sif Muna
Trog
Uskayaw
Vehumet
Wu Jian
Xom
Yredelemnul
Zin
The Shining One
Jiyva
Lugonu

Shops:
D !!*[[=**=[[(?=*???*[?

Annotations:
D Tiamat


Innate Abilities, Weirdness & Mutations

You are a tree.
Your roots penetrate the ground, keeping you stationary.
You cannot be teleported.
You are immune to unholy pain and torment.
Your maximum health is greatly increased.
Your equipment is partially melded.
You are very small and have problems with some larger weapons.
You are too small for most types of armour.
You have supernaturally acute eyesight. (SInv)
((You cover ground extremely quickly. (Speed+++)))


Message History

You feel protected.
You feel yourself speed up. As you open the door, it creaks loudly!
There is an open door here.
You see here a tin of tremorstones (2/2).
m - a tin of tremorstones (2/2)
The tremorstone explodes into fragments!
The burst of rock shards engulfs you but does no damage.
The burst of rock shards engulfs the golden dragon!
The golden dragon roars deafeningly!
The burst of rock shards engulfs the golden dragon but does no damage.
The burst of rock shards engulfs you!
The burst of rock shards engulfs the golden dragon but does no damage.
The burst of rock shards engulfs you!
The burst of rock shards engulfs the golden dragon.
The burst of rock shards engulfs you!
The burst of rock shards engulfs the golden dragon.
The burst of rock shards engulfs you!
* * * LOW HITPOINT WARNING * * *
The burst of rock shards engulfs the golden dragon!
The golden dragon breathes poison at you.
The blast of poison engulfs you.
You are lethally poisoned!
You resist.
* * * LOW HITPOINT WARNING * * *
Really quaff the potion of lignification?
You turn into a tree.
Your scarf of repulsion melds into your body.
Your +1 hat melds into your body.
Your +0 shadow dragon scales melds into your body.
The haze of the repulsion field disappears.
Your roots penetrate the ground.
* * * LOW HITPOINT WARNING * * *
You feel sick.
Okay, then.
As you read the scroll of fog, it crumbles to dust.
The scroll dissolves into smoke.
* * * LOW HITPOINT WARNING * * *
You feel sick.
You die...

+#)..##,,#§§§..#,,,*,,,,*
.##...#,,##..§§#,∩,*,,,,*
§.###.#,,~###+##,,,*,,,,*
#.#A#.#,,~,,#[####+#,,,,*
..###.#,,~,##'#.§§.##,,,*
.##...#,,~##.÷.§§§§§##,,*
.?#+###,,~#...§§§§§..#,,*
#...#,~,,##...§§§§§..##,*
###.#,~,,#....§§♣§§...#,*
..#.#**,,#...○○☼○§.§..#,*
..#.#,+,,##..○☼☼☼°.§.##,*
###'#,**+*#$$○§$$D$$$#,,*
..).#,*~~~##$$$$$$$$##,,*
.####,*~~~~##$?$$(?##,,,*
##,,^,*~~~~~########,,,,*
,,,,****~~~~*~~~~~*,,,,,*
,,,,*,,*+~~~+~~,~~+,,,,,*


You could see a golden dragon.

Vanquished Creatures
  2 centaur warriors (D)
  Sonja (D)
  A deep troll (D)
  A lindwurm (D)
  8 shining eyes (D)
  An oklob plant (D)
  2 demonic crawlers (D)
  2 unseen horrors (D)
  A gargoyle (D)
  2 kobold demonologists (D)
  A hornet (D)
  Sigmund (D)
  A slime creature (D)
  A hog (D)
  2 redbacks (D)
  A yak (D)
  5 floating eyes (D)
  An ogre (D)
  6 necrophages (D)
  2 jellies (D)
  Ijyb (D)
  A ballistomycete spore (D)
44 creatures vanquished.

Vanquished Creatures (collateral kills)
  A shadow dragon (D)
  4 fire giants (D)
  A cacodemon (D)
  A hydra (D)
  A demonic crawler (D)
  A polar bear (D)
  A blink frog (D)
  12 hogs (D)
  2 floating eyes (D)
  A sky beast (D)
  A necrophage (D)
26 creatures vanquished.

Vanquished Creatures (others)
  A demonic crawler (D)
  2 unseen horrors (D)
  6 jellies (D)
  A ballistomycete spore (D)
10 creatures vanquished.

Grand Total: 80 creatures vanquished

Notes
Turn   | Place    | Note
-------+----------+-------------------------------------------
     0 | D        | Heoruswealwe the Spriggan Artificer began the quest for the
                  | Orb.
     0 | D        | Reached XP level 1. HP: 9/9 MP: 2/2
     1 | D        | Noticed Ijyb
     7 | D        | Killed Ijyb
     8 | D        | Reached skill level 6 in Evocations
     8 | D        | Reached XP level 2. HP: 10/14 MP: 3/3
    28 | D        | Noticed an ogre
    32 | D        | Killed an ogre
    33 | D        | Reached skill level 9 in Evocations
    33 | D        | Reached XP level 3. HP: 17/17 MP: 4/4
    33 | D        | Reached XP level 4. HP: 21/21 MP: 5/5
    44 | D        | Noticed Sigmund
    46 | D        | Killed Sigmund
    47 | D        | Reached skill level 12 in Evocations
    47 | D        | Reached XP level 5. HP: 25/25 MP: 6/6
    47 | D        | Reached XP level 6. HP: 29/29 MP: 7/7
    73 | D        | Found an ornate altar of the Wu Jian Council.
    73 | D        | Found a shimmering blue altar of Sif Muna.
    77 | D        | Reached skill level 10 in Stealth
    77 | D        | Found a radiant altar of Vehumet.
   105 | D        | Found Uppaf's Antique Armour Emporium.
   105 | D        | Found an ancient bone altar of Kikubaaqudgha.
   105 | D        | Found a hazy altar of Hepliaklqana.
   105 | D        | Found a stormy altar of Qazlal.
   105 | D        | Found a hide-covered altar of Uskayaw.
   105 | D        | Found a blossoming altar of Fedhas.
   105 | D        | Found a bloodstained altar of Trog.
   105 | D        | Found an iron altar of Okawaru.
   105 | D        | Found a basalt altar of Yredelemnul.
   105 | D        | Found a glowing golden altar of the Shining One.
   105 | D        | Found a snail-covered altar of Cheibriados.
   105 | D        | Found a sacrificial altar of Ru.
   105 | D        | Found a glowing silver altar of Zin.
   105 | D        | Found a shadowy altar of Dithmenos.
   105 | D        | Found a white marble altar of Elyvilon.
   105 | D        | Noticed a yak
   112 | D        | Killed a yak
   113 | D        | Reached skill level 13 in Evocations
   119 | D        | Found an opulent altar of Gozag.
   120 | D        | Found a sparkling altar of Nemelex Xobeh.
   127 | D        | Became a worshipper of Zin the Law-Giver
   127 | D        | Reached * piety under Zin
   127 | D        | Reached ** piety under Zin
   127 | D        | Reached *** piety under Zin
   127 | D        | Reached **** piety under Zin
   127 | D        | Reached ***** piety under Zin
   127 | D        | Reached ****** piety under Zin
   140 | D        | Noticed Sonja
   141 | D        | Killed Sonja
   142 | D        | Reached skill level 16 in Evocations
   142 | D        | Reached XP level 7. HP: 32/32 MP: 8/8
   261 | D        | Found Ohur's Distillery.
   269 | D        | Bought a potion of mutation for 88 gold pieces
   269 | D        | Bought a potion of mutation for 88 gold pieces
   281 | D        | Noticed a deep troll
   283 | D        | Killed a deep troll
   284 | D        | Reached skill level 17 in Evocations
   284 | D        | Reached XP level 8. HP: 37/37 MP: 9/9
   294 | D        | Found Rodaoxoc's Armour Emporium.
   326 | D        | Noticed a shining eye
   326 | D        | Noticed a shining eye
   326 | D        | Noticed a shining eye
   331 | D        | Killed a shining eye
   331 | D        | Noticed a shining eye
   331 | D        | Noticed a shining eye
   332 | D        | Reached skill level 15 in Stealth
   332 | D        | Reached skill level 18 in Evocations
   332 | D        | Reached XP level 9. HP: 40/40 MP: 10/10
   332 | D        | Noticed a shining eye
   333 | D        | Noticed a shining eye
   337 | D        | Paralysed by a floating eye for 4 turns
   338 | D        | Noticed a shining eye
   349 | D        | Paralysed by a floating eye for 2 turns
   354 | D        | Paralysed by a floating eye for 4 turns
   360 | D        | Paralysed by a floating eye for 3 turns
   364 | D        | Paralysed by a floating eye for 2 turns
   368 | D        | Reached skill level 19 in Evocations
   377 | D        | Killed a shining eye
   379 | D        | Killed a shining eye
   379 | D        | Killed a shining eye
   380 | D        | Reached skill level 15 in Dodging
   380 | D        | Reached skill level 20 in Evocations
   388 | D        | Killed a shining eye
   413 | D        | Killed a shining eye
   414 | D        | Reached skill level 21 in Evocations
   414 | D        | Reached XP level 10. HP: 44/44 MP: 11/11
   431 | D        | Killed a shining eye
   466 | D        | Killed a shining eye
   486 | D        | Found Iseyzul's Armour Shop.
   486 | D        | Found Ellul's Assorted Antiques.
   486 | D        | Found Ciruw's Jewellery Boutique.
   487 | D        | Found Onnouss's Distillery.
   492 | D        | Bought a wand of mindburst (5) for 119 gold pieces
   492 | D        | Bought a wand of flame (11) for 130 gold pieces
   492 | D        | Bought a scroll labelled ZAVIOD TUTY for 17 gold pieces
   492 | D        | Bought a scroll labelled NUCA DEMNYTH for 17 gold pieces
   527 | D        | Found a burning altar of Makhleb.
   527 | D        | Found a viscous altar of Jiyva.
   527 | D        | Found a shimmering altar of Xom.
   527 | D        | Found a corrupted altar of Lugonu.
   536 | D        | Reached skill level 22 in Evocations
   579 | D        | Noticed a centaur warrior
   579 | D        | Noticed a centaur warrior
   585 | D        | Killed a centaur warrior
   586 | D        | Killed a centaur warrior
   587 | D        | Reached skill level 23 in Evocations
   629 | D        | Noticed an oklob plant
   633 | D        | Zin protects you from harm!
   634 | D        | Killed an oklob plant
   716 | D        | Reached XP level 11. HP: 48/48 MP: 12/12
   736 | D        | Reached skill level 24 in Evocations
   754 | D        | Paralysed by a floating eye for 4 turns
   796 | D        | Found Reim's Magic Scroll Boutique.
   796 | D        | Found Belull's Magic Scroll Emporium.
   796 | D        | Found Vonog's General Store.
   798 | D        | Found Doxkigul's Magic Scroll Boutique.
   798 | D        | Found Sadghaus's Magic Scroll Shoppe.
   798 | D        | Found Mamoos's Assorted Antiques.
   798 | D        | Found Suvasusa's Jewellery Emporium.
   798 | D        | Found Iloforch's Magic Scroll Boutique.
   798 | D        | Found Tiguul's Weapon Shoppe.
   798 | D        | Found Beuwe's Armour Shop.
   800 | D        | Bought a scroll of identify for 24 gold pieces
   800 | D        | Bought a scroll of identify for 24 gold pieces
   801 | D        | Bought a scroll of identify for 24 gold pieces
   801 | D        | Bought a scroll of identify for 24 gold pieces
   801 | D        | Bought a scroll of identify for 24 gold pieces
   802 | D        | Found Addamienn's Antique Armour Emporium.
   803 | D        | Bought a scroll of acquirement for 572 gold pieces
   803 | D        | Found Ogho's Jewellery Boutique.
   803 | D        | Found Dattauci's General Store.
   804 | D        | Found Loek's General Store.
   914 | D        | Fell from the grace of Zin
   914 | D        | Became a worshipper of Sif Muna the Loreminder
   958 | D        | Reached * piety under Sif Muna
  1011 | D        | Noticed a lindwurm
  1012 | D        | Killed a lindwurm
  1033 | D        | Reached skill level 25 in Evocations
  1121 | D        | Bought a scroll labelled SADWYFIZOT for 26 gold pieces
  1144 | D        | Acquired 589 gold pieces
  1229 | D        | Noticed a lorocyproca
  1240 | D        | a lorocyproca changed into a cacodemon
  1240 | D        | Noticed a cacodemon
  1258 | D        | Killed a cacodemon
  1258 | D        | Reached ** piety under Sif Muna
  1636 | D        | Reached *** piety under Sif Muna
  1639 | D        | Reached **** piety under Sif Muna
  1655 | D        | Reached ***** piety under Sif Muna
  1655 | D        | Received a gift from Sif Muna
  1656 | D        | Reached skill level 26 in Evocations
  1667 | D        | Noticed a daeva
  1704 | D        | Noticed a fire giant
  1715 | D        | Noticed a fire giant
  1727 | D        | Killed a fire giant
  1730 | D        | Killed a fire giant
  1730 | D        | Received a gift from Sif Muna
  1731 | D        | Got Sif Muna's Precepts of the Map {god gift}
  1742 | D        | Noticed a fire giant
  1746 | D        | Noticed a fire giant
  1756 | D        | Killed a fire giant
  1757 | D        | Reached skill level 27 in Evocations
  1757 | D        | Reached XP level 12. HP: 38/52 MP: 13/13
  1769 | D        | Killed a fire giant
  1789 | D        | Found the +4 dragonskin cloak
  1789 | D        | Noticed Tiamat
  2156 | D        | Bought a potion of resistance for 110 gold pieces
  2156 | D        | Bought a potion of heal wounds for 55 gold pieces
  2156 | D        | Bought a potion of curing for 33 gold pieces
  2156 | D        | Bought a potion of flight for 33 gold pieces
  2156 | D        | Bought a potion of resistance for 110 gold pieces
  2156 | D        | Bought a potion of brilliance for 44 gold pieces
  2156 | D        | Bought a potion of magic for 88 gold pieces
  2158 | D        | Bought a potion of lignification for 33 gold pieces
  2171 | D        | Bought 2 potions of brilliance for 104 gold pieces
  2171 | D        | Bought a potion of flight for 39 gold pieces
  2171 | D        | Bought a potion of haste for 130 gold pieces
  2171 | D        | Bought a potion of magic for 104 gold pieces
  2171 | D        | Bought a potion of curing for 39 gold pieces
  2171 | D        | Bought a potion of resistance for 130 gold pieces
  2173 | D        | Bought a fading sling for 110 gold pieces
  2173 | D        | Identified the +6 sling of Eternal Vigilance {flame, rC+
                  | Int+5} (You bought it in a shop in the Dungeon)
  2267 | D        | Bought a scarf of repulsion for 132 gold pieces
  2339 | D        | Bought a scroll of blinking for 90 gold pieces
  2339 | D        | Bought a scroll of brand weapon for 114 gold pieces
  2339 | D        | Bought a scroll of enchant weapon for 90 gold pieces
  2346 | D        | Bought a scroll of brand weapon for 104 gold pieces
  2346 | D        | Bought a scroll of brand weapon for 104 gold pieces
  2348 | D        | Bought a scroll of enchant weapon for 195 gold pieces
  2351 | D        | Bought a +0 rapier for 56 gold pieces
  2353 | D        | Bought a hat for 80 gold pieces
  2473 | D        | Noticed a 12-headed hydra
  2476 | D        | Killed a 12-headed hydra
  2477 | D        | Reached skill level 5 in Spellcasting
  2553 | D        | Noticed a shadow dragon
  2553 | D        | Noticed a golden dragon
  2574 | D        | Killed a shadow dragon
  3004 | D        | HP: 3/78 [poisoned by a golden dragon (blast of poison)]
  3005 | D        | HP: 1/78 [poisoned by a golden dragon (blast of poison)]
  3006 | D        | Succumbed to a golden dragon's blast of poison

Illustrated notes

Levels and vault maps discovered:
D:        dungeon_sprint_1 [red_sonja_temple_1, red_sonja_temple_small_1]

Skill      XL: |  1  2  3  4  5  6  7  8  9 10 11 12 |
---------------+-------------------------------------+-----
Dodging        | 4 6 8 11 12 13 15 17 20 | 20.8
Stealth        | 4 7 9 13 14 15 17 20 23 24 | 24.0
Evocations     | 6 9 12 16 17 18 21 23 27 | 27.0
Spellcasting   | 6 |  6.8
Fighting       | |  0.7

Action                     |  1- 3 |  4- 6 |  7- 9 | 10-12 || total
---------------------------+-------+-------+-------+-------++-------
  Melee: Dagger            |       |       |    65 |    48 ||   113
         Punch             |       |       |     1 |     4 ||     5
  Evoke: Wand              |     9 |     7 |     9 |    70 ||    95
         Box of beasts     |       |       |       |     8 ||     8
         Tin of tremorston |       |       |       |     1 ||     1
    Use: Scroll            |       |       |       |    21 ||    21
         Potion            |       |       |       |    14 ||    14
   Stab: Sleeping          |       |       |     1 |       ||     1
 Armour: Robe              |       |       |       |     2 ||     2
         Shadow dragon sca |       |       |       |     1 ||     1
  Dodge: Dodged            |     2 |       |       |    37 ||    39
         Repelled          |       |       |       |     2 ||     2
